 Dungeon Crawl Stone Soup version 0.26-a0-757-g626ac9e51a (webtiles) character file.

Game seed: 18336867579569358945

91 miscthings the Cudgeler (level 4, -7/40 HPs)
             Began as a Palentonga Delver on Nov 8, 2020.
             Mangled by an orc warrior
             ... wielding a +0 short sword
              (9 damage)
             ... on level 5 of the Dungeon.
             The game lasted 00:01:08 (99 turns).

miscthings the Cudgeler (Palentonga Delver)           Turns: 99, Time: 00:01:09

Health: -7/40      AC:  4    Str: 16    XL:     4   Next: 34%
Magic:  1/1        EV:  9    Int: 10    God:
Gold:   0          SH:  0    Dex:  8    Spells: 3/3 levels left

rFire    . . .     SeeInvis +   h - +5 demon whip "Spellbinder" {antimagic, MR+}
rCold    . . .     Faith    .   (no shield)
rNeg     . . .     Spirit   .   b - +0 leather armour
rPois    .         Reflect  .   (no helmet)
rElec    .         Harm     .   (no cloak)
rCorr    .         Rampage  .   (no gloves)
MR       +....                  (no barding)
Stlth    ++........             (no amulet)
HPRegen  0.13/turn              i - -4 ring of dexterity (curse)
MPRegen  0.07/turn              (no ring)

@: no status effects
A: large, rugged brown scales 3, see invisible, deformed body, roll, armoured
tail
a: Rolling Charge


You were on level 5 of the Dungeon.
You visited 1 branch of the dungeon, and saw 1 of its levels.

Inventory:

Hand Weapons
 a - a +0 hand axe
 h - the +5 demon whip "Spellbinder" (weapon) {antimagic, MR+}
   (You found it on level 5 of the Dungeon)

   It reduces the magical energy of the wielder, and disrupts the spells and
   magical abilities of those hit.
   Natural abilities and divine invocations are not affected.
   It affects your resistance to hostile enchantments.
Armour
 b - a +0 leather armour (worn)
Jewellery
 i - a cursed -4 ring of dexterity (left hand)
Wands
 g - a wand of digging (3)
Scrolls
 c - a scroll of fog
 d - 2 scrolls of magic mapping
 e - a scroll of fear
Potions
 j - a potion of cancellation


   Skills:
 - Level 3.0 Fighting
 - Level 2.0(3.3) Axes
 + Level 4.0(4.3) Maces & Flails
 - Level 1.5 Dodging
 - Level 3.3 Stealth


You had 3 spell levels left.
You didn't know any spells.
Your spell library was empty.

Dungeon Overview and Level Annotations

Branches:
Dungeon (5/15)
 Temple: D:4-7

Altars:


Innate Abilities, Weirdness & Mutations

You are completely covered in rugged brown scales. (AC +3, +7% HP)
You have supernaturally acute eyesight. (SInv)
Armour fits poorly on your strangely shaped body.
You can roll at foes to attack.
You have a long armoured tail.


Message History

* * * LOW HITPOINT WARNING * * *
You feel yourself speed up.
The orc wizard looks braver for a moment.
The orc warrior hits you but does no damage.
You whack the orc warrior! You tail-slap the orc warrior.
The orc warrior is heavily wounded.
The orc wizard gestures wildly while chanting.
The orc wizard seems to speed up.
You hit the orc warrior but do no damage.
The orc warrior is heavily wounded.
The orc warrior hits you with a +0 short sword.
* * * LOW HITPOINT WARNING * * *
You closely miss the orc warrior.
The orc warrior is heavily wounded.
It was a potion of cancellation.
Your magical effects are unravelling.
You feel magically purged.
You feel yourself slow down.
The orc warrior hits you with a +0 short sword!
You die...

.....o....#.........#
........#.#.........#
[.o.....#...........#
##########.#.###'####
#...# #.####### ##..#
#.......# #..#
#).).(..#####
#..###.....).....#
#.>oo@...###.....#
########## #.....#
#.....# #.....#
#.....# #.....#
#.....# #######


You could see an orc warrior and an orc wizard (fast).

Vanquished Creatures
  2 orc wizards (D:5)
  A bullfrog skeleton (D:5)
  An ufetubus (D:5)
  2 orcs (D:5)
6 creatures vanquished.

Notes
Turn   | Place    | Note
-------+----------+-------------------------------------------
     0 | D:5      | Found the +5 demon whip "Spellbinder" {antimagic, MR+}
     0 | D:5      | miscthings the Palentonga Delver began the quest for the
                  | Orb.
     0 | D:5      | Reached XP level 1. HP: 20/20 MP: 1/1
    12 | D:5      | Noticed an orc wizard
    13 | D:5      | Noticed an orc wizard
    19 | D:5      | Killed an orc wizard
    19 | D:5      | Reached skill level 2 in Maces & Flails
    19 | D:5      | Reached XP level 2. HP: 27/27 MP: 0/2
    23 | D:5      | Reached XP level 3. HP: 33/33 MP: 1/3
    25 | D:5      | Reached skill level 3 in Maces & Flails
    37 | D:5      | Reached skill level 4 in Maces & Flails
    37 | D:5      | Reached XP level 4. HP: 37/40 MP: 1/4
    71 | D:5      | Noticed an orc warrior
    97 | D:5      | HP: 2/40 [orc warrior/+0 short sword (5)]
    99 | D:5      | Mangled by an orc warrior

Illustrated notes

Levels and vault maps discovered:
D:5:      layout_basic, kennysheep_vampire_church, portal_sewer_entry_d,
          nicolae_ossuary_entry_plus, uniq_prince_ribbit1

Skill      XL: |  1  2  3 |
---------------+----------+-----
Maces & Flails | 2 4 |  4.0
Fighting       | |  3.0
Axes           | |  2.0
Dodging        | |  1.5
Stealth        | |  3.3

Action                   |  1- 3 |  4- 6 || total
-------------------------+-------+-------++-------
Melee: Demon whip        |    11 |     8 ||    19
       Tailslap          |     1 |     1 ||     2
 Abil: Rolling Charge    |     1 |       ||     1
  Use: Potion            |       |     2 ||     2
Armor: Leather armour    |     2 |       ||     2
Dodge: Dodged            |     4 |       ||     4

Table legend: (Time is in decaauts)
 A = Elapsed time spent in this place.
 B = Non-inter-level travel time spent in this place.
 C = Inter-level travel time spent in this place.
 D = Time resting spent in this place.
 E = Time spent auto-exploring this place.
 F = Levels seen in this place.
 G = Mean time per level.
                   A        B        C        D        E       F      G
               +--------+--------+--------+--------+--------+-----+--------+
         Total |     95 |     95 |      0 |      0 |     20 |   1 |   95.0 |
       Dungeon |     95 |     95 |      0 |      0 |     20 |   1 |   95.0 |
               +--------+--------+--------+--------+--------+-----+--------+

Top non-repeatable levels by time:
     D:5: 95 daAuts
